 Dungeon Crawl Stone Soup version 0.18.1-48-g4cf74bf (webtiles) character file.

2842 grulito the Fighter (level 9, 0/62 HPs)
             Began as a Gargoyle Fighter on June 30, 2016.
             Was an Initiate of Trog.
             Slain by a wolf (3 damage)
             ... on level 8 of the Dungeon on July 1, 2016.
             The game lasted 00:24:15 (6618 turns).

grulito the Fighter (Gargoyle Fighter)              Turns: 6618, Time: 00:24:16

Health: 0/62       AC: 12    Str: 22    XL:     9   Next: 74%
Magic:  9/9        EV:  7    Int:  9    God:    Trog [......]
Gold:   329        SH: 11    Dex: 10    Spells: 0 memorised, 8 levels left

rFire  . . .     SeeInvis .     a - +0 war axe
rCold  . . .     Gourm    .     b - +0 scale mail
rNeg   + . .     Faith    .     c - +0 shield
rPois  ∞         Spirit   .     (no helmet)
rElec  +         Dismiss  .     (no cloak)
rCorr  .         Reflect  +     (no gloves)
SustAt .         Harm     .     (no boots)
MR     .....                    g - +2 amulet of reflection
Stlth  ..........               (no ring)
                                (no ring)

@: very slightly contaminated, hasted, very quick, not resistant to hostile
enchantments, extremely unstealthy
A: negative energy resistance 1, electricity resistance, unbreathing,
petrification resistance, rot immunity, AC +5
a: Burn Spellbooks, Renounce Religion


You were on level 8 of the Dungeon.
You worshipped Trog.
Trog was noncommittal.
You were not hungry.

You visited 2 branches of the dungeon, and saw 9 of its levels.

You collected 329 gold pieces.

Inventory:

Hand Weapons
 a - a +0 war axe (weapon)
Armour
 b - a +0 scale mail (worn)
 c - a +0 shield (worn)
 k - a +0 chain mail
Magical Staves
 d - an uncursed staff of power
Jewellery
 g - a +2 amulet of reflection (around neck)
 y - an uncursed amulet of harm {unknown}
 F - the ring of Ahoh {rCorr rElec Str+2 Dex+3 Stlth+, unknown}
   (You found it on level 7 of the Dungeon)

   [ring of resist corrosion]

   It affects your strength (+2).
   It affects your dexterity (+3).
   It insulates you from electricity.
   It makes you more stealthy.
Wands
 e - a wand of slowing (14/48)
 n - a wand of digging (10/24)
 r - a wand of flame (35/48)
 E - a wand of paralysis (17/24)
Scrolls
 h - a scroll of random uselessness
 j - a scroll of fog
 p - a scroll of immolation {unknown}
 s - a scroll of remove curse
 w - a scroll of enchant armour {unknown}
 x - a scroll of magic mapping
 z - a scroll of recharging
 A - a scroll of summoning {unknown}
 G - a scroll of enchant weapon {unknown}
Potions
 q - 3 potions of haste
 C - a potion of curing {unknown}
 D - a potion of brilliance {unknown}
 H - a potion of agility {unknown}
Comestibles
 l - 4 meat rations
 o - 2 beef jerkies
 t - 3 slices of pizza


   Skills:
 + Level 10.1 Fighting
 + Level 9.0 Axes
 - Level 3.2 Armour
 - Level 3.2 Shields
 - Level 1.0 Evocations


You had 8 spell levels left.
You didn't know any spells.

Dungeon Overview and Level Annotations

Branches:
Dungeon (8/15)             Temple (1/1) D:7
   Lair: D:8-11

Altars:
Ashenzari
Cheibriados
Dithmenos
Elyvilon
Fedhas
Gozag
Kikubaaqudgha
Makhleb
Nemelex Xobeh
Okawaru
Pakellas
Qazlal
Ru
Sif Muna
Trog
Vehumet
Xom
Yredelemnul
Zin
The Shining One

Shops:
D:6 :


Innate Abilities, Weirdness & Mutations

You are resistant to torment.
Your stone body is resilient (AC +5).
You are immune to poison.
You resist negative energy.
You are resistant to electric shocks.
You can survive without breathing.
You are immune to petrification.
You are immune to rotting.


Message History

Your Axes skill increases to level 9!
The wolf bites you but does no damage.
Your scale mail prevents you from hitting the wolf.
You block the wolf's attack.
You barely miss the wolf. The wolf barely misses you.
You closely miss the wolf. The wolf bites you.
* * * LOW HITPOINT WARNING * * *
You closely miss the wolf. You block the wolf's attack.
You closely miss the wolf. The wolf barely misses you. x2
You barely miss the wolf. You block the wolf's attack.
You barely miss the wolf. You block the wolf's attack. The wolf bites you.
* * * LOW HITPOINT WARNING * * *
Okay, then.
You closely miss the wolf. The wolf bites you.
* * * LOW HITPOINT WARNING * * *
You closely miss the wolf. You block the wolf's attack.
You slash the wolf!
The wolf is severely wounded.
The wolf bites you but does no damage. The wolf bites you.
You die...

)...## #....# ..
)....###....## ##.#
.....##......## #..#
......#..#....###..#
..........#.....#.#
......#...........#
.....###...<......#
............####h.#
............# #@.#
..≈≈...≈....# ##..#######.
.≈≈≈.≈.≈≈...###...........
.≈≈≈.≈.≈≈.≈...........####
≈≈≈≈.≈h≈≈≈..........###
.≈≈≈.≈≈≈≈≈..###.....#
≈.≈≈.h≈≈≈...# ###...#
≈≈≈≈..≈≈≈...# ###.# ≈≈ #)#


You could see a wolf.

Vanquished Creatures
  A troll (D:8)
  A two-headed ogre (D:8)
  Prince Ribbit (D:7)
  Sigmund (D:6)
  A basilisk (D:8)
  An orc warrior (D:7)
  2 phantoms
  A wolf (D:8)
  4 centaurs
  2 giant frogs (D:7)
  3 scorpions
  A giant frog zombie (D:7)
  3 hounds
  A giant frog skeleton (D:7)
  3 orc priests
  2 centaur skeletons
  4 orc wizards
  A gnoll shaman (D:7)
  2 iguanas
  8 worker ants
  2 hound skeletons
  6 gnolls
  12 adders
  A shadow imp (D:4)
  2 oozes
  An adder skeleton (D:5)
  An adder zombie (D:5)
  4 worms
  2 dart slugs
  6 giant geckos
  18 orcs
  4 giant cockroaches
  3 hobgoblins
  10 jackals
  5 quokkas
  A ball python (D:4)
  7 bats
  A giant gecko zombie (D:5)
  4 giant newts
  6 goblins
  A jackal zombie (D:7)
  6 kobolds
  2 quokka zombies
  8 rats
156 creatures vanquished.

Notes
Turn   | Place    | Note
--------------------------------------------------------------
     0 | D:1      | grulito the Gargoyle Fighter began the quest for the Orb.
     0 | D:1      | Reached XP level 1. HP: 14/14 MP: 1/1
    92 | D:1      | Reached XP level 2. HP: 19/19 MP: 2/2
   618 | D:2      | Reached XP level 3. HP: 23/23 MP: 3/3
   635 | D:2      | Found an opulent altar of Gozag.
   883 | D:2      | Reached XP level 4. HP: 23/28 MP: 4/4
  1563 | D:3      | Reached XP level 5. HP: 32/32 MP: 5/5
  1571 | D:3      | Found an oddly glowing altar of Pakellas.
  1768 | D:3      | Reached skill level 5 in Axes
  1806 | D:3      | Reached XP level 6. HP: 12/37 MP: 6/6
  2785 | D:4      | Reached skill level 4 in Fighting
  2787 | D:4      | Found a blossoming altar of Fedhas.
  2793 | D:4      | Found an ancient bone altar of Kikubaaqudgha.
  3232 | D:4      | Found a radiant altar of Vehumet.
  3233 | D:4      | Found an iron altar of Okawaru.
  3345 | D:4      | Reached XP level 7. HP: 42/44 MP: 7/7
  3442 | D:5      | Entered Level 5 of the Dungeon
  3510 | D:5      | Found an opulent altar of Gozag.
  3524 | D:5      | Reached skill level 5 in Fighting
  4137 | D:5      | Reached skill level 6 in Fighting
  4395 | D:6      | Reached skill level 7 in Fighting
  4423 | D:6      | Found a shimmering altar of Xom.
  4440 | D:6      | Noticed Sigmund
  4465 | D:6      | Killed Sigmund
  4465 | D:6      | Reached XP level 8. HP: 36/53 MP: 8/8
  4583 | D:6      | Found Yqoacw's Book Shoppe.
  4969 | D:7      | Noticed Prince Ribbit
  4997 | D:7      | Got a slimy golden ring
  5061 | D:7      | Found a glowing golden altar of the Shining One.
  5200 | D:7      | Reached skill level 8 in Fighting
  5285 | D:7      | Killed Prince Ribbit
  5285 | D:7      | Reached skill level 1 in Evocations
  5555 | D:7      | Reached XP level 9. HP: 50/60 MP: 9/9
  5575 | D:7      | Found a staircase to the Ecumenical Temple.
  5581 | Temple   | Entered the Ecumenical Temple
  5695 | Temple   | Became a worshipper of Trog the Wrathful
  5734 | D:7      | Reached skill level 9 in Fighting
  6368 | D:8      | Noticed a two-headed ogre
  6374 | D:8      | Killed a two-headed ogre
  6376 | D:8      | Noticed a troll
  6590 | D:8      | Killed a troll
  6590 | D:8      | Reached skill level 10 in Fighting
  6616 | D:8      | HP: 3/62 [wolf (3)]
  6618 | D:8      | Slain by a wolf

Skill      XL: |  1  2  3  4  5  6  7  8  9 |
---------------+----------------------------+-----
Axes           | 2 3 4 5 6 7 9 |  9.0
Fighting       | 4 7 8 10 | 10.1
Evocations     | 1 |  1.0
Armour         | |  3.2
Shields        | |  3.2

Action                   |  1- 3 |  4- 6 |  7- 9 || total
-------------------------+-------+-------+-------++-------
Melee: War axe           |   122 |   181 |   363 ||   666
Invok: Burn Spellbooks   |       |       |     1 ||     1
Evoke: Wand              |       |       |     2 ||     2
  Use: Scroll            |       |       |    11 ||    11
       Potion            |       |       |     3 ||     3
  Eat: Chunk             |       |     3 |       ||     3
       Meat ration       |       |     1 |       ||     1
       Fruit             |       |       |     5 ||     5
       Bread ration      |       |       |     2 ||     2
Armor: Scale mail        |    77 |    85 |   165 ||   327
Dodge: Dodged            |    54 |    52 |    96 ||   202
Block: Shield            |    61 |   119 |   229 ||   409
       Reflection        |       |       |     5 ||     5
